Map: 2000 Atmospheres LE

Players

Vindicta - Winner!

  • Race: Terran Terran
  • League: Grandmaster

MaSa

  • Race: Terran Terran

Event: DreamHack SC2 Masters 2021 Summer

VOD

Have the link to the VOD?

Description

Time

  • Played on: May 25, 2021, 6:03 p.m.
  • Length: 22:41

All games in this series

Show
View Real Time Build Order
Export as new Build Order

Vindicta Terran - Winner!

Build Orders: 1/1/1, Liberator Opening 

Get SALT Encoding   

  12  0:00  SCV  
  13  0:12  SCV  
  14  0:17  Supply Depot  
  14  0:24  SCV  
  14  0:28  Refinery  
  15  0:38  SCV  
  16  0:44  Barracks  
  16  0:50  SCV  
  16  0:55  Refinery  
  17  1:03  SCV  
  18  1:15  SCV  
  19  1:31  Reaper, Orbital Command  
  20  1:38  Factory  
  20  1:48  Supply Depot  
  20  1:56  SCV  
  21  2:03  Reaper  
  21  2:08  SCV  
  22  2:21  SCV, Hellion  
  25  2:25  Starport  
  25  2:33  Supply Depot  
  25  2:34  SCV  
  25  2:35  Reaper  
  27  2:43  Hellion  
  29  2:49  SCV  
  30  3:01  Medivac  
  30  3:04  Hellion  
  34  3:06  Supply Depot  
  34  3:07  Reaper  
  36  3:27  Factory Tech Lab  
  35  3:34  SCV  
  35  3:38  Command Center  
  35  3:39  Liberator  
  39  3:44  Barracks Reactor  
  40  3:51  Supply Depot  
  40  3:52  SCV  
  43  4:02  Cyclone  
  42  4:12  SCV  
  43  4:21  Marine  
  43  4:22  Starport Tech Lab, Marine  
  45  4:24  SCV  
  46  4:35  Siege Tank  
  46  4:37  Refinery  
  46  4:38  Marine  
  47  4:50  Marine  
  47  4:54  SCV  
  47  4:55  Cloaking Field  
  47  4:56  Marine  
  49  5:03  Orbital Command  
  49  5:06  SCV  
  50  5:08  Marine  
  50  5:09  Siege Tank  
  54  5:14  Marine  
  54  5:18  SCV  
  56  5:26  Banshee  
  57  5:29  SCV  
  57  5:30  SCV  
  57  5:31  Marine  
  56  5:41  SCV  
  56  5:42  SCV  
  58  5:43  Marine  
  58  5:46  Siege Tank  
  58  5:49  Supply Depot  
  62  5:50  Marine  
  62  5:53  SCV  
  62  5:54  SCV  
  61  6:04  Starport  
  61  6:05  SCV  
  61  6:06  SCV  
  63  6:11  Banshee  
  63  6:18  SCV x2  
  67  6:20  Command Center  
  67  6:24  Marine  
  69  6:27  Siege Tank  
  69  6:32  Refinery  
  72  6:34  SCV, Supply Depot  
  72  6:37  SCV  
  74  6:46  SCV  
  72  6:49  SCV  
  72  6:51  Viking x2  
  72  6:52  Barracks Tech Lab  
  77  6:58  SCV  
  77  6:59  Supply Depot  
  79  7:01  SCV  
  79  7:02  Siege Tank  
  82  7:09  Supply Depot  
  82  7:10  SCV  
  82  7:13  SCV  
  81  7:21  Viking x2  
  81  7:22  SCV  
  83  7:25  SCV  
  78  7:34  SCV, Factory  
  79  7:37  SCV  
  79  7:38  Engineering Bay, Siege Tank  
  79  7:40  Supply Depot  
  83  7:46  SCV  
  83  7:49  SCV, Viking  
  87  7:56  Orbital Command  
  87  7:58  SCV  
  87  8:00  Viking  
  87  8:03  SCV  
  91  8:07  Refinery x2  
  91  8:10  Viking  
  91  8:11  Siege Tank  
  96  8:15  SCV  
  96  8:19  SCV, Viking  
  99  8:21  SCV  
  100  8:27  SCV  
  100  8:30  Liberator  
  100  8:31  SCV  
  103  8:40  SCV, Viking  
  102  8:41  SCV  
  102  8:42  Command Center  
  102  8:43  SCV  
  102  8:44  Sensor Tower  
  101  8:51  Viking  
  101  8:55  SCV  
  96  8:56  SCV  
  96  9:02  SCV  
  96  9:08  SCV x2  
  97  9:10  Viking  
  97  9:12  Siege Tank  
  97  9:13  Viking  
  98  9:21  SCV  
  98  9:24  Viking  
  98  9:26  SCV  
  98  9:27  SCV  
  98  9:33  SCV  
  98  9:38  Factory  
  99  9:39  SCV  
  99  9:40  Refinery  
  99  9:41  SCV  
  99  9:44  Siege Tank  
  99  9:45  SCV  
  105  9:51  SCV, Siege Tank  
  109  9:53  SCV  
  109  9:57  SCV, Missile Turret x2  
  109  9:58  Missile Turret  
  109  9:59  SCV  
  112  10:00  Sensor Tower  
  112  10:01  Viking  
  112  10:03  SCV  
  112  10:05  SCV  
  116  10:09  SCV  
  116  10:11  SCV  
  118  10:14  Viking  
  118  10:15  SCV  
  118  10:16  Siege Tank  
  118  10:17  SCV  
  118  10:20  Missile Turret  
  125  10:21  SCV  
  125  10:22  Factory Reactor, Missile Turret  
  126  10:29  Starport Reactor  
  126  10:31  Viking  
  126  10:34  Siege Tank  
  131  10:36  Command Center  
  131  10:42  SCV x3  
  134  10:43  Armory  
  134  10:47  Viking  
  136  10:56  Supply Depot  
  136  10:59  Missile Turret x2  
  136  11:01  Viking, Siege Tank  
  136  11:02  Supply Depot  
  136  11:03  Supply Depot  
  141  11:05  Missile Turret  
  141  11:06  SCV  
  141  11:09  Supply Depot  
  141  11:10  SCV  
  141  11:12  Siege Tank  
  144  11:20  Hellion  
  144  11:21  Refinery  
  144  11:28  SCV x2  
  144  11:31  SCV  
  146  11:33  Siege Tank  
  147  11:40  SCV, Missile Turret  
  147  11:41  SCV  
  147  11:42  Viking  
  147  11:44  Liberator, Siege Tank  
  154  11:49  SCV x2  
  154  11:51  Supply Depot  
  156  11:55  Armory  
  156  11:59  Liberator  
  154  12:07  Refinery, SCV  
  155  12:08  SCV  
  155  12:09  Orbital Command  
  155  12:11  Planetary Fortress  
  155  12:14  Refinery  
  155  12:19  Terran Vehicle Weapons Level 1  
  154  12:23  Liberator  
  154  12:24  Missile Turret  
  154  12:25  Hellion x2, Missile Turret  
  154  12:27  Infernal Pre-Igniter  
  154  12:29  SCV x2  
  163  12:32  Hellion  
  165  12:39  Thor  
  171  12:51  Command Center  
  171  12:53  Siege Tank  
  174  13:00  Hellion  
  174  13:01  Hellion  
  176  13:13  Terran Vehicle And Ship Armor Level 1  
  176  13:22  Hellion x2, Command Center, Siege Tank  
  176  13:25  Command Center, Thor  
  186  13:27  Missile Turret  
  186  13:28  Missile Turret  
  186  13:30  SCV  
  187  13:43  Hellion x2  
  187  13:44  Factory  
  187  13:45  Factory x2  
  188  13:54  Thor  
  188  13:55  Refinery  
  190  14:00  Liberator  
  190  14:01  Missile Turret  
  187  14:04  Liberator  
  187  14:05  Widow Mine x2  
  187  14:09  Widow Mine  
  196  14:23  Liberator  
  199  14:29  Factory Tech Lab  
  199  14:30  Missile Turret  
  199  14:36  Factory Tech Lab  
  199  14:37  Terran Vehicle Weapons Level 2  
  199  14:38  Starport  
  199  14:39  Starport  
  199  14:40  Orbital Command x2  
  199  14:48  Viking x2  
  197  14:53  Liberator  
  197  14:55  Refinery  
  200  15:04  Refinery  
  200  15:05  Planetary Fortress  
  197  15:10  Missile Turret  
  197  15:13  Siege Tank  
  197  15:15  Missile Turret, Siege Tank  
  197  15:17  Liberator  
  197  15:21  Siege Tank  
  200  15:25  Factory Tech Lab, Missile Turret  
  200  15:26  Hellion, Siege Tank  
  200  15:28  Hellion  
  183  15:35  SCV  
  183  15:36  SCV  
  183  15:37  Neosteel Armor  
  183  15:39  Terran Vehicle And Ship Armor Level 2  
  185  15:45  Hellion  
  185  15:46  Fusion Core, Siege Tank  
  185  15:47  Hellion, Siege Tank  
  185  15:49  Hellion  
  189  15:55  Siege Tank  
  192  15:58  Hellion, Liberator  
  192  15:59  Liberator  
  197  16:13  Siege Tank  
  197  16:15  Command Center  
  197  16:18  Command Center  
  199  16:19  Sensor Tower  
  199  16:25  Thor  
  197  16:35  Siege Tank  
  197  16:39  Starport Reactor  
  200  16:46  Missile Turret  
  200  16:47  Missile Turret  
  200  16:52  Command Center  
  191  16:54  Terran Vehicle Weapons Level 3  
  191  16:55  Starport Reactor, Thor  
  191  16:59  Hellion  
  191  17:00  Hellion, Siege Tank  
  191  17:01  Hellion  
  197  17:07  Hellion  
  199  17:08  Hellion  
  199  17:11  Viking  
  195  17:20  Hellion  
  195  17:22  Hellion x2  
  198  17:24  Refinery  
  200  17:30  Fusion Core  
  196  17:37  Siege Tank  
  199  17:45  Thor  
  199  17:47  Missile Turret x2  
  199  17:49  Thor  
  194  17:55  Hellion x2  
  190  17:58  Viking  
  190  18:00  Terran Vehicle And Ship Armor Level 3  
  190  18:02  SCV x2  
  190  18:03  SCV x2  
  190  18:04  Refinery, Siege Tank  
  190  18:10  Siege Tank  
  192  18:17  Hellion x2  
  192  18:19  SCV x2  
  195  18:21  Advanced Ballistics  
  195  18:23  Siege Tank  
  190  18:29  Planetary Fortress  
  190  18:39  Refinery  
  190  18:40  Hellion x3  
  190  18:41  SCV x2  
  198  18:45  Sensor Tower  
  198  18:46  Hellion, Command Center  
  200  18:53  Hellion, Siege Tank  
  189  18:56  Siege Tank  
  189  19:01  Hellion, Siege Tank  
  171  19:03  Hellion  
  171  19:07  Siege Tank  
  171  19:09  SCV  
  144  19:10  SCV  
  144  19:11  SCV x2  
  144  19:14  Hellion  
  141  19:22  Liberator  
  141  19:23  Hellion, Liberator  
  149  19:24  Hellion  
  149  19:25  Hellion  
  149  19:28  Hellion  
  149  19:29  SCV x2, Liberator  
  155  19:33  Siege Tank  
  155  19:34  SCV x2  
  160  19:40  Hellion  
  160  19:42  SCV x2  
  160  19:44  Hellion  
  167  19:45  Hellbat  
  167  19:46  Missile Turret  
  167  19:48  SCV x3  
  167  19:49  Missile Turret  
  174  19:56  Viking x3  
  174  19:58  SCV x3  
  177  20:09  Refinery  
  177  20:10  Thor, Terran Ship Weapons Level 1  
  177  20:13  Orbital Command  
  183  20:19  Siege Tank x2  
  189  20:24  Liberator  
  189  20:26  Viking  
  194  20:30  Siege Tank  
  194  20:34  Orbital Command  
  197  20:36  Siege Tank  
  197  20:40  Hellion  
  197  20:49  Hellion  
  187  20:51  Hellion, Thor  
  187  20:54  Hellion  
  189  20:59  SCV  
  189  21:00  Missile Turret  
  189  21:01  Hellion  
  189  21:02  Hellion, Missile Turret  
  189  21:03  Missile Turret  
  192  21:05  Refinery  
  192  21:09  Hellion  
  194  21:12  Siege Tank  
  194  21:15  Siege Tank  
  200  21:23  Command Center  
  197  21:33  Siege Tank  
  192  21:49  Viking  
  192  21:50  Viking x2  
  190  21:56  Thor  
  199  22:16  Hellion  
Show
View Real Time Build Order
Export as new Build Order

MaSa Terran 

Build Orders:  

Get SALT Encoding   

  12  0:00  SCV  
  13  0:12  SCV  
  14  0:16  Supply Depot  
  14  0:24  SCV  
  15  0:38  SCV  
  15  0:40  Barracks  
  16  0:43  Refinery  
  16  0:50  SCV  
  17  1:02  Barracks  
  17  1:03  SCV  
  18  1:15  SCV  
  19  1:27  Reaper  
  19  1:28  Orbital Command  
  19  1:32  Supply Depot  
  20  1:49  Reaper  
  21  1:54  SCV  
  22  2:05  Command Center  
  22  2:09  Reaper  
  22  2:12  SCV  
  24  2:15  Refinery  
  24  2:21  Reaper  
  25  2:26  SCV  
  25  2:27  Supply Depot  
  26  2:39  SCV  
  26  2:42  Marine  
  28  2:51  Bunker  
  28  2:53  Marine  
  28  2:54  SCV, Factory  
  30  3:03  Marine  
  31  3:06  SCV  
  31  3:11  Bunker  
  32  3:18  SCV  
  33  3:21  Marine  
  33  3:23  Orbital Command  
  33  3:35  SCV  
  33  3:37  Starport  
  33  3:38  Hellion, Marine  
  37  3:45  Refinery  
  37  3:47  Bunker  
  37  3:53  Supply Depot  
  37  3:56  SCV, Marine  
  37  3:57  SCV  
  40  4:05  Hellion  
  40  4:08  SCV  
  43  4:13  Viking  
  43  4:16  SCV  
  46  4:23  SCV  
  47  4:27  Factory Tech Lab  
  47  4:30  SCV, Supply Depot  
  46  4:36  SCV  
  47  4:42  SCV  
  42  4:53  SCV  
  42  4:56  SCV  
  43  5:00  Factory Tech Lab  
  43  5:01  Raven  
  43  5:05  SCV  
  46  5:08  SCV  
  46  5:12  Command Center  
  46  5:13  Marine  
  48  5:17  SCV  
  47  5:26  SCV  
  46  5:29  SCV  
  47  5:37  Cyclone  
  47  5:38  SCV  
  47  5:39  Barracks Reactor  
  47  5:41  Refinery  
  47  5:42  SCV  
  52  5:44  Raven  
  54  5:50  SCV  
  54  5:54  SCV  
  56  6:02  SCV  
  55  6:06  SCV  
  55  6:09  Refinery  
  55  6:10  Siege Tank  
  59  6:13  Barracks  
  59  6:14  SCV, Barracks  
  59  6:16  Supply Depot  
  59  6:18  SCV  
  61  6:25  Orbital Command  
  61  6:26  SCV  
  61  6:30  SCV  
  63  6:36  Viking x2  
  63  6:38  SCV  
  65  6:44  SCV  
  64  6:50  SCV  
  64  6:51  Marine  
  64  6:52  SCV  
  67  6:56  SCV  
  67  7:01  Siege Tank  
  67  7:03  SCV  
  67  7:04  SCV  
  67  7:06  Viking  
  74  7:08  SCV  
  74  7:09  Marine x2  
  75  7:21  Barracks Reactor  
  75  7:22  SCV  
  75  7:23  SCV  
  75  7:25  SCV  
  75  7:27  Marine  
  76  7:34  Siege Tank  
  76  7:35  Barracks Reactor, Orbital Command  
  76  7:36  SCV  
  76  7:37  Barracks  
  81  7:43  Viking  
  82  7:49  Refinery, Liberator  
  82  7:51  SCV  
  86  7:52  SCV  
  86  7:54  Barracks Reactor  
  84  8:02  Marine x2  
  84  8:03  SCV  
  84  8:04  Barracks Tech Lab, SCV x2  
  89  8:08  Engineering Bay  
  89  8:09  Engineering Bay  
  89  8:12  Viking  
  89  8:15  SCV  
  89  8:18  SCV  
  93  8:37  Supply Depot  
  93  8:39  Supply Depot  
  93  8:44  Supply Depot  
  93  8:45  Supply Depot  
  93  8:47  SCV x2  
  93  8:52  SCV  
  93  8:55  Viking  
  92  8:57  Viking  
  92  9:00  Marine x4  
  92  9:01  SCV, Marine x2, Siege Tank  
  100  9:08  SCV x2  
  98  9:17  SCV  
  98  9:18  Marine x4  
  98  9:20  SCV  
  102  9:25  Viking  
  102  9:26  SCV  
  102  9:27  Viking, Stimpack  
  102  9:28  Terran Infantry Armor Level 1, Terran Infantry Weapons Level 1  
  102  9:29  SCV  
  104  9:33  Barracks Tech Lab  
  104  9:36  Marine x4  
  104  9:37  SCV  
  108  9:39  SCV  
  108  9:44  SCV  
  108  9:45  Barracks  
  106  9:49  SCV  
  110  9:52  Marauder  
  110  9:54  Marine x2  
  110  9:55  Medivac  
  110  9:57  Medivac  
  110  9:58  SCV, Combat Shield, Siege Tank  
  120  10:02  Command Center  
  120  10:04  SCV x2  
  121  10:10  Marauder, Marine x2  
  125  10:22  Supply Depot x2  
  125  10:24  Refinery, Supply Depot  
  125  10:40  Barracks Tech Lab  
  125  10:42  Barracks  
  125  10:43  SCV x2, Medivac x2  
  125  10:44  SCV, Barracks, Marauder x2, Marine x4  
  125  10:45  Armory  
  125  10:47  Barracks  
  140  10:56  SCV, Supply Depot  
  141  10:58  Supply Depot  
  141  10:59  SCV, Sensor Tower  
  141  11:01  Marine x2  
  141  11:03  Marine  
  147  11:04  Marauder  
  147  11:09  Marauder  
  149  11:13  Marine, Medivac  
  149  11:14  Marauder, Siege Tank  
  153  11:19  Marine x2  
  153  11:21  Marine  
  153  11:22  Planetary Fortress  
  153  11:25  SCV x2, Marauder  
  153  11:26  SCV  
  153  11:30  Marine  
  153  11:31  Marine  
  153  11:32  Medivac  
  146  11:35  Marine  
  146  11:36  Terran Infantry Armor Level 2  
  146  11:37  Marine  
  143  11:42  Marine x2  
  143  11:43  Medivac, Missile Turret  
  143  11:46  Siege Tank  
  148  12:00  Marine x2  
  148  12:01  Marauder x2, Marine x2  
  143  12:02  Marauder, Medivac  
  143  12:04  SCV  
  143  12:05  SCV  
  143  12:06  Barracks Reactor, Barracks Tech Lab x2  
  137  12:13  Medivac  
  136  12:23  Marauder, Marine x2  
  136  12:24  SCV x2  
  136  12:27  Marine x3, Command Center  
  136  12:28  Marauder x2, Marine, Siege Tank  
  136  12:29  Barracks  
  153  12:30  Barracks  
  153  12:32  Medivac  
  155  12:41  Marine x2  
  157  12:44  Command Center  
  157  12:45  Marauder, Marine  
  157  12:46  Marauder  
  162  12:54  Marine x2  
  162  12:55  Marauder x2, Marine x2  
  162  12:57  Medivac  
  172  12:58  Marine  
  172  13:00  Siege Tank  
  172  13:02  Marine, Medivac  
  172  13:03  Marine  
  167  13:05  Marine  
  167  13:08  Marauder  
  167  13:12  Marine x3  
  167  13:13  Marauder  
  167  13:15  Terran Infantry Weapons Level 2  
  167  13:17  Terran Vehicle Weapons Level 1  
  167  13:18  Marine  
  167  13:19  Marauder, Marine  
  171  13:29  SCV x3  
  171  13:30  Marauder, Marine x2  
  171  13:31  Marauder  
  171  13:32  Siege Tank  
  175  13:34  Marine x3  
  175  13:38  Marine  
  175  13:39  Marine x2  
  181  13:45  Marauder, Marine  
  181  13:47  Barracks Tech Lab  
  181  13:48  Marine x2  
  183  13:51  Marine  
  183  13:52  Missile Turret  
  183  13:53  Marine x3  
  188  14:00  Orbital Command  
  188  14:01  Planetary Fortress  
  188  14:04  Marine x3  
  188  14:09  Siege Tank  
  194  14:11  Marine  
  194  14:12  Marauder, Unknown  
  197  14:17  Viking  
  199  14:29  Marine  
  190  14:46  Medivac  
  190  14:47  Concussive Shells, Medivac  
  186  14:54  Marine x2  
  186  14:55  Marauder  
  189  15:01  Siege Tank  
  189  15:03  Marine x2  
  189  15:04  Marauder  
  193  15:09  Marauder, Marine  
  185  15:16  Marauder x2, Marine x3  
  185  15:17  Marauder  
  150  15:30  Marine  
  150  15:31  Marauder, Marine  
  150  15:33  Siege Tank  
  150  15:34  Medivac x2  
  136  15:38  Marine x2  
  136  15:39  Marauder x3, Marine x3  
  147  15:49  Orbital Command  
  144  15:55  Starport, Terran Vehicle Weapons Level 2  
  144  15:56  Starport  
  132  15:57  Marine  
  132  15:58  Marauder, Marine  
  132  16:00  SCV  
  132  16:03  SCV  
  128  16:04  Medivac x2  
  128  16:05  Marine x2  
  128  16:06  Marauder x3, Marine  
  141  16:12  Marine x4  
  141  16:15  Marine  
  146  16:19  Marauder  
  146  16:23  Marine  
  146  16:24  Marine x2  
  146  16:27  Marauder x2, Marine  
  146  16:28  Marauder  
  146  16:30  Marine x2  
  146  16:31  Marauder x2  
  157  16:33  Marine  
  157  16:34  Medivac x2  
  157  16:36  SCV x2  
  153  16:41  Marauder, Marine  
  153  16:47  Marine  
  156  16:48  Marauder  
  156  16:49  Marauder x2  
  156  16:52  Marauder  
  163  17:01  Marauder, Marine x3  
  158  17:02  SCV x2, Marauder, Medivac  
  159  17:14  Marauder, Marine x3  
  157  17:19  Marauder, Marine x3  
  157  17:20  SCV, Marauder  
  165  17:26  Marauder, Marine x2  
  165  17:27  SCV x2  
  162  17:39  Marine  
  162  17:40  Marauder, Marine x4  
  165  17:45  Marine  
  165  17:46  Marauder, Marine x2  
  153  17:52  Marine  
  153  17:53  Marauder, Marine  
  153  17:55  Medivac  
  153  17:57  Marine x2  
  153  17:58  Marine x3  
  155  18:02  Marauder  
  155  18:03  Marine x2  
  155  18:04  Marine  
  150  18:13  SCV x2  
  150  18:15  Missile Turret  
  150  18:20  Marine x3  
  150  18:21  Marauder x2  
  150  18:23  Medivac x2  
  150  18:26  Marine x3  
  150  18:27  Marauder  
  164  18:33  Marine x2  
  164  18:34  Marauder x2  
  170  18:36  Terran Infantry Weapons Level 3  
  170  18:38  Refinery, Marine  
  170  18:39  Refinery, Marine x2  
  170  18:40  Refinery x2  
  173  18:49  Marine  
  173  18:50  Marauder  
  174  18:57  Marine  
  174  18:58  Marauder  
  149  19:03  Marine  
  149  19:04  Marauder  
  149  19:07  Marauder, Marine x3  
  149  19:08  SCV x2  
  138  19:10  Medivac x2  
  138  19:13  Marauder, Marine x2  
  135  19:19  Marauder, Marine x2  
  135  19:20  Marauder  
  135  19:21  Marine  
  135  19:22  SCV x2  
  131  19:25  Marine x4  
  131  19:28  Marine  
  131  19:31  Marine x2  
  118  19:32  SCV  
  118  19:35  Marauder  
  118  19:37  Marine  
  118  19:38  Marauder  
  119  19:39  Marine  
  119  19:40  Marine  
  119  19:41  Marine  
  119  19:42  Marine x2  
  119  19:43  Marine x2  
  126  19:46  Marauder  
  126  19:49  Marine x2  
  130  19:54  Marine, Viking x2  
  130  19:56  Marauder  
  130  19:58  SCV x3  
  130  19:59  Marauder, Marine x3  
  145  20:08  Marauder, Marine x2  
  145  20:14  Marauder, Marine x2  
  152  20:15  Command Center  
  152  20:16  Supply Depot  
  152  20:20  Marauder, Marine  
  152  20:21  Marauder, Marine  
  158  20:22  SCV  
  158  20:23  SCV  
  158  20:24  SCV  
  158  20:27  Missile Turret  
  162  20:28  Sensor Tower  
  128  20:46  SCV, Marauder x2, Marine x2  
  128  20:47  SCV x3  
  123  20:50  Orbital Command  
  123  20:51  Medivac x2  
  123  20:55  Marine x3  
  123  20:56  Marauder  
  123  20:57  Liberator  
  130  20:58  SCV  
  130  20:59  SCV x3  
  135  21:04  Marine x2  
  135  21:05  Marauder  
  135  21:10  SCV  
  140  21:11  SCV x3  
  140  21:14  Marine  
  144  21:21  SCV  
  144  21:22  SCV  
  144  21:23  SCV x3  
  149  21:34  Marauder, Marine x2  
  153  21:42  Marine x3  
  153  21:43  Marauder  
  156  21:50  Liberator, Medivac x2  
  156  21:52  Marauder  
  154  21:57  Liberator  
  157  22:04  SCV x3  
  160  22:12  Marine x2  
  160  22:13  Marauder  
  160  22:14  SCV  
  160  22:15  Marauder x2  
Tags
 
Add a new tag
Caveats
  • Supply blocks, unpowered buildings, or Contaminate may cause inaccurate times.
  • Supply counts are checked every 10 seconds.